 Dungeon Crawl Stone Soup version 0.18.1-48-g4cf74bf (webtiles) character file.

1077 MTVSty1e the Ducker (level 8, -3/67 HPs)
             Began as a Mottled Draconian Transmuter on Aug 5, 2016.
             Slain by dearth's ghost (9 damage)
             ... on level 5 of the Dungeon.
             The game lasted 00:20:25 (7653 turns).

MTVSty1e the Ducker (Mottled Draconian Transmuter)  Turns: 7653, Time: 00:20:26

Health: -3/67      AC:  9    Str: 13    XL:     8   Next: 8%
Magic:  12/12      EV:  9    Int: 15    God:
Gold:   243        SH:  0    Dex: 12    Spells: 2 memorised, 8 levels left

rFire  . . .     SeeInvis .     f - +1 dagger (venom)
rCold  . . .     Gourm    .     (armour unavailable)
rNeg   . . .     Faith    .     (no shield)
rPois  .         Spirit   .     (helmet restricted)
rElec  .         Dismiss  .     (no cloak)
rCorr  .         Reflect  .     (no gloves)
SustAt .         Harm     .     a - +2 pair of boots
MR     +....                    (no amulet)
Stlth  ++........               (no ring)
                                h - ring of protection from magic (curse)

@: flying, somewhat resistant to hostile enchantments, unstealthy
A: breathe sticky flame splash, unfitting armour, cold-blooded, AC +6
a: Breathe Sticky Flame


You were on level 5 of the Dungeon.
You were not hungry.

You visited 2 branches of the dungeon, and saw 6 of its levels.
You also visited: Sewer.

You collected 243 gold pieces.

Inventory:

Hand Weapons
 c - a cursed -3 great mace
 e - a +0 hand axe of chopping
 f - a +1 dagger of venom (weapon)
 k - a +0 dagger
Armour
 a - a +2 pair of boots (worn)
Jewellery
 h - a cursed ring of protection from magic (left hand)
Wands
 m - a wand of flame (10/48)
Scrolls
 j - 3 scrolls of remove curse
 l - a scroll of blinking
 n - a scroll of fog
Books
 b - a book of Changes

   Spells                             Type                      Level
   a - Beastly Appendage              Transmutation                1
   b - Sticks to Snakes               Transmutation                2
   c - Spider Form                    Transmutation/Poison         3
   d - Ice Form                       Ice/Transmutation            4
   e - Blade Hands                    Transmutation                5
 i - a book of Cantrips

   Spells                             Type                      Level
   a - Corona                         Hexes                        1
   b - Animate Skeleton               Necromancy                   1
   c - Summon Small Mammal            Summoning                    1
   d - Apportation                    Translocation                1
Comestibles
 d - 4 fruits
 p - a slice of pizza


   Skills:
 * Level 4.3 Fighting
 * Level 2.8 Short Blades
 + Level 5.3 Dodging
 * Level 3.3 Stealth
 + Level 3.4 Unarmed Combat
 + Level 2.9 Spellcasting
 * Level 3.6 Transmutations
 + Level 0.2 Poison Magic


You had 8 spell levels left.
You knew the following spells:

 Your Spells              Type           Power        Failure   Level  Hunger
a - Beastly Appendage     Trmt           ##....       6%          1    #......
b - Spider Form           Trmt/Pois      #.........   30%         3    ###....


Dungeon Overview and Level Annotations

Branches:
Dungeon (5/15)             Temple (1/1) D:4

Altars:
Ashenzari
Cheibriados
Dithmenos
Elyvilon
Gozag
Kikubaaqudgha
Makhleb
Nemelex Xobeh
Pakellas
Qazlal
Sif Muna
Vehumet
Xom
Yredelemnul
Zin
The Shining One

Shops:
D:4 (   D:5 ?

Annotations:
D:5 dearth's ghost, novice HOFi


Innate Abilities, Weirdness & Mutations

You can spit globs of burning liquid.
You can ignite nearby creatures when you spit burning liquid.
Your weird mottled scales are hard (AC +6).
Your body does not fit into most forms of armour.
You are cold-blooded and may be slowed by cold attacks.


Message History

Casting: Spider Form
Confirm with . or Enter, or press ? or * to list all spells.
Okay, then.
Press: ? - help, Shift-Dir - straight line, f - dearth's ghost
Aim: dearth's ghost (lightly damaged)
You spit a glob of burning liquid.
The splash of liquid fire hits dearth's ghost.
Dearth's ghost is lightly damaged.
You feel somewhat more hungry. Dearth's ghost hits you!
* * * LOW HITPOINT WARNING * * *
You have got your breath back.
Dearth's ghost hits you!
* * * LOW HITPOINT WARNING * * *
Dearth's ghost whispers, "The ORB doesn't exist."
Found 13 gold pieces.
Found a twisted gilded ring.
Found Vemiffas's Magic Scroll Boutique.
There is a stone staircase leading down here.
Dearth's ghost hits you!
You die...

#......#.......#
#......#.......#
#......#....)..#
#......#.......#
########.......#
##.......#
...........#
....%..!..W######
#.....####.@.....#
#.##### #.......#
#. #.......#
#...$...#
#######... #=# ∩.


You could see dearth's ghost.

Vanquished Creatures
  Grinder (D:4)
  The ghost of dearth the Skirmisher, an amateur HOFi (D:3)
  2 giant frogs
  A howler monkey (D:4)
  2 centaur skeletons
  2 giant frog skeletons (D:4)
  2 hounds (D:4)
  2 orc priests (D:3)
  An orc wizard (D:3)
  An iguana (D:4)
  A worker ant (D:3)
  6 adders
  A shadow imp (D:5)
  12 oozes (Sewer)
  4 worms
  3 dart slugs
  12 giant geckos
  9 orcs
  6 ball pythons (Sewer)
  14 bats
  18 giant cockroaches
  11 goblins
  9 hobgoblins
  3 jackals (D:2)
  3 quokkas
  A giant gecko skeleton (D:4)
  24 giant newts
  6 kobolds
  9 rats
167 creatures vanquished.

Notes
Turn   | Place    | Note
--------------------------------------------------------------
     0 | D:1      | MTVSty1e the Draconian Transmuter began the quest for the Orb.
     0 | D:1      | Reached XP level 1. HP: 16/16 MP: 3/3
   335 | D:1      | Reached XP level 2. HP: 23/23 MP: 5/5
   833 | D:2      | Found a shattered altar of Ashenzari.
   839 | D:2      | Reached XP level 3. HP: 22/28 MP: 6/6
   842 | D:2      | Reached skill level 2 in Dodging
   916 | D:2      | Found an opulent altar of Gozag.
  1141 | D:2      | Reached skill level 1 in Stealth
  1417 | D:3      | Found a glowing drain.
  1724 | Sewer    | Entered a sewer
  1738 | Sewer    | Reached XP level 4. HP: 27/36 MP: 7/7
  2561 | Sewer    | Reached skill level 3 in Dodging
  2878 | Sewer    | Reached XP level 5. HP: 38/41 MP: 8/8
  3131 | Sewer    | Reached skill level 1 in Short Blades
  3693 | D:3      | Reached XP level 6. HP: 19/50 MP: 9/9
  3891 | D:3      | Noticed dearth's ghost (amateur HOFi)
  3932 | D:3      | Killed dearth's ghost
  3932 | D:3      | Reached skill level 4 in Dodging
  5296 | D:3      | Found a burning altar of Makhleb.
  5403 | D:3      | Your scales start taking on a weird mottled colour.
  5403 | D:3      | Reached XP level 7. HP: 25/57 MP: 10/10
  5714 | D:3      | Learned a level 3 spell: Spider Form
  5928 | D:4      | Found Ehuda's Antique Weapon Boutique.
  6226 | D:4      | Noticed Grinder
  6267 | D:4      | Paralysed by Grinder for 5 turns
  6278 | D:4      | Killed Grinder
  6278 | D:4      | Reached skill level 5 in Dodging
  6791 | D:4      | Found a staircase to the Ecumenical Temple.
  6812 | Temple   | Entered the Ecumenical Temple
  7139 | D:4      | Reached XP level 8. HP: 65/66 MP: 12/12
  7231 | D:4      | Found a stormy altar of Qazlal.
  7476 | D:5      | Entered Level 5 of the Dungeon
  7597 | D:5      | Noticed dearth's ghost (novice HOFi)
  7639 | D:5      | HP: 3/67 [dearth's ghost (8)]
  7651 | D:5      | Found Vemiffas's Magic Scroll Boutique.
  7653 | D:5      | Slain by dearth's ghost

Skill      XL: |  1  2  3  4  5  6  7 |
---------------+----------------------+-----
Dodging        | 2 3 4 5 |  5.3
Stealth        | 1 2 3 |  3.3
Fighting       | 2 3 4 |  4.3
Short Blades   | 1 2 |  2.8
Transmutations | 3 |  3.6
Unarmed Combat | |  3.4
Spellcasting   | |  2.9
Poison Magic   | |  0.2

Action                   |  1- 3 |  4- 6 |  7- 9 || total
-------------------------+-------+-------+-------++-------
Melee: Hand axe          |    63 |       |       ||    63
       Unarmed           |     4 |       |    23 ||    27
       Tailslap          |    17 |    43 |    23 ||    83
       Kick              |     5 |    18 |       ||    23
       Punch             |     3 |     6 |     2 ||    11
       Dagger            |   101 |   516 |   145 ||   762
       Headbutt          |       |     6 |     3 ||     9
 Cast: Beastly Appendage |     3 |    11 |     3 ||    17
       Spider Form       |       |       |     4 ||     4
 Abil: Breathe Sticky Fl |       |       |     2 ||     2
Evoke: Wand              |       |     4 |       ||     4
  Use: Scroll            |     3 |     1 |     3 ||     7
       Potion            |       |     7 |     1 ||     8
 Stab: Sleeping          |     4 |     2 |     3 ||     9
  Eat: Fruit             |     2 |       |       ||     2
       Bread ration      |     1 |     2 |       ||     3
       Meat ration       |       |     1 |     1 ||     2
Armor: Skin              |    49 |   242 |    43 ||   334
Dodge: Dodged            |   135 |   405 |   130 ||   670
